 Dungeon Crawl Stone Soup version 0.21.1-1-g345015fe64 (webtiles) character file.

536 peterbelli420 the Shield-Bearer (level 7, 0/60 HPs)
             Began as a Hill Orc Fighter on June 7, 2018.
             Slain by an ogre
             ... wielding a +0 giant club
              (10 damage)
             ... on level 5 of the Dungeon.
             The game lasted 00:46:02 (3986 turns).

peterbelli420 the Shield-Bearer (Hill Orc Fighter)  Turns: 3986, Time: 00:46:02

Health: 0/60       AC: 15    Str: 21    XL:     7   Next: 25%
Magic:  7/7        EV:  4    Int:  8    God:
Gold:   233        SH: 10    Dex: 10    Spells: 6/6 levels left

rFire    . . .     SeeInvis .   o - +1 mace (protect)
rCold    . . .     Gourm    .   c - +0 shield
rNeg     . . .     Faith    .   F - +0 plate armour
rPois    .         Spirit   .   (no helmet)
rElec    .         Reflect  .   q - +2 cloak {+Inv}
rCorr    .         Harm     .   (no gloves)
MR       .....                  (no boots)
Stlth    ..........             (no amulet)
HPRegen  0.20/turn              (no ring)
MPRegen  0.10/turn              (no ring)

@: no status effects
A: no striking features
a: Evoke Invisibility


You were on level 5 of the Dungeon.
You were very hungry.

You visited 1 branch of the dungeon, and saw 5 of its levels.

You collected 233 gold pieces.

Inventory:

Hand Weapons
 a - a +0 war axe
 g - a +0 hand axe
 h - a +0 hunting sling
 o - a +1 mace of protection (weapon)
 p - a +3 quarterstaff of chaos
Missiles
 k - 13 tomahawks (quivered)
 l - 50 sling bullets
Armour
 b - a +0 naga barding
 c - a +0 shield (worn)
 q - a +2 cloak of invisibility (worn)
 u - a +0 plate armour
 F - a +0 plate armour (worn)
Jewellery
 C - a +3 ring of slaying {unknown}
Wands
 m - a wand of flame (13)
 A - a wand of random effects (17)
Scrolls
 e - 2 scrolls of fear
 j - 4 scrolls of teleportation
 s - a scroll of remove curse
 v - a scroll of amnesia
 x - a scroll of immolation {unknown}
 y - a scroll of enchant weapon {unknown}
 z - 3 scrolls of identify {unknown}
Potions
 d - a potion of might
 i - a potion of heal wounds
 n - a potion of lignification {unknown}
 r - a potion of curing
 w - a potion of invisibility {unknown}
 B - a potion of experience {unknown}
 D - a potion of agility {unknown}
 E - a potion of haste {unknown}
Books
 t - a book of Maledictions

   Spells                             Type                      Level
   a - Corona                         Hexes                        1
   b - Ensorcelled Hibernation        Hexes/Ice                    2
   c - Confuse                        Hexes                        3
   d - Tukima's Dance                 Hexes                        3
   e - Dazzling Spray                 Conjuration/Hexes            3
Comestibles
 f - 9 rations


   Skills:
 + Level 4.6 Fighting
 - Level 4.8(5.6) Axes
 * Level 3.5(4.4) Maces & Flails
 + Level 4.1 Armour
 + Level 0.6 Dodging
 * Level 1.9 Stealth
 + Level 5.2 Shields


You had 6 spell levels left.
You didn't know any spells.

Dungeon Overview and Level Annotations

Branches:
Dungeon (5/15)
 Temple: D:4-7

Altars:
Ashenzari
Qazlal
Xom


Message History

You barely miss the ogre.
The ogre is lightly wounded.
The ogre hits you with a giant club!
You hit the ogre but do no damage.
The ogre is lightly wounded.
You block the ogre's attack.
You hit the ogre.
The ogre is lightly wounded.
The ogre barely misses you.
You hit the ogre.
The ogre is moderately wounded.
The ogre hits you with a giant club!!
* * * LOW HITPOINT WARNING * * *
Your shield and plate armour prevent you from hitting the ogre.
The ogre is moderately wounded.
You are feeling very hungry.
The ogre hits you but does no damage.
There is an open door here.
The ogre hits you with a giant club!
You die...

+##....#######...# ######
##...# #....#......#
#....#......#
#....#....?.#
##...#......#
#...#......# #...#......#
#..@#..>...# .....
.....#...O......#
....>####...##...#......#
#.......#...##...#......#
+.......+...#....#......+
#.......#...#....#......#
#.......#...#....#......#
#.......##'###...#......#
######.......############


You could see an ogre.

Vanquished Creatures
  A centaur (D:5)
  2 crimson imps (D:5)
  A centaur zombie (D:5)
  2 hounds
  Crazy Yiuf (D:2)
  An iguana (D:4)
  Ijyb (D:4)
  3 gnolls (D:3)
  8 adders
  A shadow imp (D:5)
  An ooze (D:1)
  2 worms
  3 dart slugs
  2 leopard geckos
  6 orcs
  9 bats
  5 giant cockroaches
  7 goblins
  5 hobgoblins
  13 jackals
  4 quokkas
  3 ball pythons
  4 frilled lizards
  9 kobolds
  6 rats
  2 plants (D:1)
102 creatures vanquished.

Notes
Turn   | Place    | Note
-------+----------+-------------------------------------------
     0 | D:1      | peterbelli420 the Hill Orc Fighter began the quest for the Orb.
     0 | D:1      | Reached XP level 1. HP: 19/19 MP: 1/1
   287 | D:1      | Reached XP level 2. HP: 24/27 MP: 2/2
   481 | D:1      | Reached XP level 3. HP: 30/33 MP: 3/3
   858 | D:2      | Found a stormy altar of Qazlal.
   984 | D:2      | Found a faded altar of an unknown god.
   993 | D:2      | Reached XP level 4. HP: 13/40 MP: 4/4
  1667 | D:2      | Found a runed door.
  1672 | D:2      | Noticed Crazy Yiuf
  1684 | D:2      | Killed Crazy Yiuf
  1684 | D:2      | Reached skill level 4 in Shields
  1684 | D:2      | Reached XP level 5. HP: 11/46 MP: 5/5
  1911 | D:3      | Found a shattered altar of Ashenzari.
  2143 | D:3      | Reached skill level 1 in Maces & Flails
  2765 | D:4      | Reached skill level 1 in Stealth
  2765 | D:4      | Reached XP level 6. HP: 53/53 MP: 6/6
  2877 | D:4      | Found a shimmering altar of Xom.
  2959 | D:4      | Noticed Ijyb
  2991 | D:4      | Killed Ijyb
  3475 | D:5      | Entered Level 5 of the Dungeon
  3769 | D:5      | Reached skill level 5 in Shields
  3769 | D:5      | Reached XP level 7. HP: 53/60 MP: 7/7
  3986 | D:5      | Slain by an ogre

Skill      XL: |  1  2  3  4  5  6 |
---------------+-------------------+-----
Axes           | 3 4 |  4.8
Fighting       | 4 |  4.6
Shields        | 4 5 |  5.2
Maces & Flails | 2 3 |  3.5
Armour         | 4 |  4.1
Stealth        | 1 |  1.9
Dodging        | |  0.6

Action                   |  1- 3 |  4- 6 |  7- 9 || total
-------------------------+-------+-------+-------++-------
Melee: War axe           |   142 |    33 |       ||   175
       Mace              |       |   246 |    47 ||   293
  Use: Scroll            |     4 |     2 |       ||     6
       Potion            |       |     2 |       ||     2
 Stab: Invisible         |       |     1 |       ||     1
  Eat: Ration            |     1 |     2 |       ||     3
Armor: Scale mail        |    68 |    29 |       ||    97
       Chain mail        |       |    91 |       ||    91
       Plate armour      |       |    84 |    24 ||   108
Dodge: Dodged            |    47 |    62 |     7 ||   116
Block: Shield            |    67 |   174 |    24 ||   265
